Map: 큐리어스 마인즈 - 래더

Players

Prince

  • Race: Protoss Protoss
  • League: Grandmaster

NightMare - Winner!

  • Race: Protoss Protoss
  • League: Master

Event: DreamHack SC2 Masters Last Chance 2022

VOD

Have the link to the VOD?

Description

Time

  • Played on: Dec. 15, 2021, 4:56 a.m.
  • Length: 5:17

All games in this series

Show
View Real Time Build Order
Export as new Build Order

Prince Protoss 

Build Orders:  

Get SALT Encoding   

  12  0:00  Probe  
  13  0:12  Probe  
  14  0:17  Pylon  
  14  0:24  Probe  
  15  0:36  Gateway  
  15  0:37  Probe  
  16  0:44  Assimilator  
  16  0:49  Probe  
  17  0:58  Pylon  
  17  1:01  Probe  
  18  1:16  Gateway  
  19  1:23  Cybernetics Core  
  19  1:24  Zealot (Chrono Boost)  
  18  1:29  Probe  
  21  1:43  Zealot (Chrono Boost)  
  23  1:48  Probe  
  23  1:53  Pylon  
  24  2:03  Stalker (Chrono Boost)  
  24  2:07  Stalker (Chrono Boost)  
  28  2:11  Shield Battery  
  28  2:21  Shield Battery  
  28  2:30  Stalker  
  28  2:36  Stalker  
  30  2:41  Shield Battery  
  30  2:49  Shield Battery  
  30  2:51  Shield Battery  
  30  2:59  Shield Battery  
  30  3:00  Shield Battery  
  30  3:08  Stalker  
  30  3:12  Shield Battery  
  32  3:19  Stalker  
  34  3:29  Shield Battery  
  34  3:40  Shield Battery  
  34  3:42  Stalker (Chrono Boost)  
  32  3:55  Stalker (Chrono Boost)  
  34  4:08  Shield Battery  
  34  4:13  Probe  
  34  4:16  Stalker (Chrono Boost)  
  37  4:37  Stalker  
  33  4:49  Shield Battery  
  33  4:56  Shield Battery  
  33  4:59  Gateway  
Show
View Real Time Build Order
Export as new Build Order

NightMare Protoss - Winner!

Build Orders:  

Get SALT Encoding   

  12  0:00  Probe  
  13  0:12  Probe  
  14  0:19  Pylon  
  14  0:24  Probe  
  15  0:37  Probe (Chrono Boost)  
  15  0:39  Gateway  
  16  0:46  Probe (Chrono Boost)  
  16  0:47  Assimilator  
  17  0:52  Probe  
  18  1:01  Assimilator  
  18  1:04  Probe (Chrono Boost)  
  19  1:07  Pylon  
  19  1:13  Probe (Chrono Boost)  
  19  1:18  Probe (Chrono Boost)  
  21  1:26  Assimilator  
  21  1:29  Cybernetics Core  
  21  1:32  Probe  
  22  1:44  Probe  
  23  1:49  Zealot (Chrono Boost)  
  25  1:55  Gateway  
  25  2:07  Shield Battery  
  25  2:08  Warp Gate  
  25  2:13  Stalker (Chrono Boost)  
  27  2:20  Shield Battery  
  27  2:36  Stalker  
  27  2:40  Shield Battery  
  27  2:43  Stalker  
  28  2:49  Shield Battery  
  28  2:57  Robotics Facility  
  28  3:04  Shield Battery  
  28  3:13  Shield Battery  
  28  3:21  Shield Battery  
  28  3:25  Shield Battery  
  28  3:27  Stalker  
  28  3:46  Immortal (Chrono Boost)  
  29  4:06  Sentry  
  31  4:10  Probe  
  31  4:14  Pylon  
  30  4:19  Pylon  
  30  4:29  Pylon  
  30  4:36  Immortal (Chrono Boost)  
  30  4:45  Sentry  
  36  4:52  Shield Battery  
  36  4:56  Shield Battery  
  36  5:08  Sentry  

Tags
 
Add a new tag
Caveats
  • Supply blocks, unpowered buildings, or Contaminate may cause inaccurate times.
  • Supply counts are checked every 10 seconds.